 Dungeon Crawl Stone Soup version 0.23-a0-650-ga4d50d4d25 (webtiles) character file.

69 Morenatsu the Cudgeler (level 4, 0/35 HPs)
             Began as a Demonspawn Berserker on Jan 3, 2019.
             Was a Believer of Trog.
             Slain by an adder (2 damage)
             ... on level 3 of the Dungeon.
             The game lasted 00:03:03 (2589 turns).

Morenatsu the Cudgeler (Demonspawn Berserker)       Turns: 2589, Time: 00:03:04

Health: 0/35       AC:  5    Str: 18    XL:     4   Next: 2%
Magic:  0/4        EV: 11    Int:  8    God:    Trog [**....]
Gold:   130        SH:  0    Dex: 13    Spells: 3/3 levels left

rFire    . . .     SeeInvis .   a - +1 mace
rCold    . . .     Gourm    .   (no shield)
rNeg     . . .     Faith    .   h - +0 ring mail
rPois    .         Spirit   +   (no helmet)
rElec    .         Reflect  .   d - scarf {Spirit}
rCorr    .         Harm     .   (no gloves)
MR       .....                  (no boots)
Stlth    +.........             (no amulet)
HPRegen  0.11/turn              (no ring)
MPRegen  0.09/turn              (no ring)

@: lethally poisoned (0 -> -7)
A: claws 1, demonic guardian 1
a: Berserk, Trog's Hand, Renounce Religion


You were on level 3 of the Dungeon.
You worshipped Trog.
Trog was pleased with you.
You were near starving.

You visited 1 branch of the dungeon, and saw 3 of its levels.

You collected 130 gold pieces.

Inventory:

Hand Weapons
 a - a +1 mace (weapon)
Armour
 d - a scarf of spirit shield (worn)
 h - a +0 ring mail (worn)
Jewellery
 i - an uncursed ring of fire
 k - an uncursed ring of protection from magic {unknown}
Scrolls
 b - a scroll of identify
 j - a scroll of enchant armour
Potions
 e - a potion of degeneration {unknown}
 f - 3 potions of brilliance
 g - a potion of heal wounds {unknown}
Comestibles
 c - 6 rations


   Skills:
 - Level 3.0 Fighting
 + Level 4.5 Maces & Flails
 - Level 1.7 Armour
 - Level 1.7 Dodging


You had 3 spell levels left.
You didn't know any spells.
Your spell library was empty.

Dungeon Overview and Level Annotations

Branches:
Dungeon (3/15)

Altars:
Elyvilon


Innate Abilities, Weirdness & Mutations

You have sharp fingernails.
A weak demonic guardian rushes to your aid.


Message History

The adder misses you.
* * * LOW HITPOINT WARNING * * *
You feel sick. The adder closely misses you. The rat closely misses you.
The adder closely misses you. The rat bites you but does no damage.
The adder closely misses you.
* * * LOW HITPOINT WARNING * * *
You feel sick. The rat closely misses you. The adder barely misses you.
The adder bites you but does no damage. The rat barely misses you.
The adder barely misses you. The rat bites you but does no damage.
The adder closely misses you. The rat bites you.
The adder bites you but does no damage.
* * * LOW HITPOINT WARNING * * *
You feel sick. The adder bites you.
You are lethally poisoned!
The adder poisons you! The rat closely misses you.
* * * LOW HITPOINT WARNING * * *
You feel sick. The adder bites you but does no damage.
The rat bites you but does no damage. The adder barely misses you.
The rat closely misses you. The adder bites you.
You die...

# ...... .
.....# # #.
##.....##
..#.#
#.......#
...##.......#
....(.>...#
#..S....#
#.@r.[.#
#....###
#.<..#
#......#
#....#####
#..##. .. #.
. #.


You could see an adder and a rat.

Vanquished Creatures
  3 adders (D:2)
  A worm (D:2)
  2 dart slugs (D:2)
  10 bats
  2 giant cockroaches
  4 goblins
  3 hobgoblins
  2 jackals (D:1)
  3 kobolds (D:1)
  A quokka (D:2)
  2 frilled lizards
  3 rats
36 creatures vanquished.

Notes
Turn   | Place    | Note
-------+----------+-------------------------------------------
     0 | D:1      | Morenatsu the Demonspawn Berserker began the quest for the
                  | Orb.
     0 | D:1      | Reached XP level 1. HP: 18/18 MP: 1/1
   195 | D:1      | Reached skill level 3 in Maces & Flails
   528 | D:1      | Gained mutation: A weak demonic guardian rushes to your
                  | aid. [demonic ancestry]
   528 | D:1      | Reached XP level 2. HP: 20/24 MP: 2/2
  1008 | D:2      | Found a white marble altar of Elyvilon.
  1030 | D:2      | Reached XP level 3. HP: 14/29 MP: 3/3
  1172 | D:2      | Reached skill level 4 in Maces & Flails
  1624 | D:2      | Found a faded altar of an unknown god.
  2552 | D:3      | Gained mutation: You have sharp fingernails. [demonic
                  | ancestry]
  2552 | D:3      | Reached XP level 4. HP: 35/35 MP: 4/4
  2556 | D:3      | Reached ** piety under Trog
  2589 | D:3      | Slain by an adder

Vault maps used:
D:1:      lightli_arrival_farm
D:2:      elyvilon_altar_1, chequers_ecumenical_altar_simple_redux, first_ration
D:3:      minmay_circle_x

Skill      XL: |  1  2  3 |
---------------+----------+-----
Maces & Flails | 3 4 |  4.5
Fighting       | |  3.0
Armour         | |  1.7
Dodging        | |  1.7

Action                   |  1- 3 |  4- 6 || total
-------------------------+-------+-------++-------
Melee: Mace              |   127 |     4 ||   131
Invok: Berserk           |     2 |       ||     2
  Use: Scroll            |     7 |       ||     7
       Potion            |     1 |       ||     1
  Eat: Chunk             |     2 |       ||     2
       Ration            |     1 |       ||     1
Armor: Animal skin       |    22 |       ||    22
       Ring mail         |    16 |    22 ||    38
Dodge: Dodged            |   101 |    42 ||   143

Table legend:
 A = Non-vault XP
 B = Vault XP
 C = Vault XP percentage of total XP
 D = Non-vault monster count
 E = Vault monster count
 F = Vault count percentage of total count
                 A         B        C        D         E       F
            +---------+---------+-------+---------+---------+-------
      Total |      99 |       0 |   0.0 |      36 |       0 |   0.0
            +---------+---------+-------+---------+---------+-------
        D:1 |      23 |       0 |   0.0 |      15 |       0 |   0.0
        D:2 |      73 |       0 |   0.0 |      19 |       0 |   0.0
        D:3 |       3 |       0 |   0.0 |       2 |       0 |   0.0
            +---------+---------+-------+---------+---------+-------
